 Dungeon Crawl Stone Soup version 0.30-b1-2-g02819fbbbe (webtiles) character file.

Game seed: 2889960919355496311

266 Turgor the Magician (level 6, -2/45 HPs)
             Began as a Djinni Fire Elementalist on May 11, 2023.
             Slain by an iguana (4 damage)
             ... on level 4 of the Dungeon.
             The game lasted 00:15:12 (2861 turns).

Turgor the Magician (Djinni Fire Elementalist)      Turns: 2861, Time: 00:15:13

Health: -2/45      AC:  3    Str:  9    XL:     6   Next: 44%
Gold:   142        EV: 12    Int: 17    God:
                   SH:  0    Dex: 13

rFire   + + +        f - +0 mace
rCold   x . .        (no shield)
rNeg    . . .        a - +0 robe
rPois   ∞            (no helmet)
rElec   .            (no cloak)
rCorr   .            c - +0 pair of gloves
SInv    +            (boots unavailable)
Will    .....        (no amulet)
Stlth   ++           l - ring of protection from fire
HPRegen 0.27/turn    p - ring of see invisible
MPRegen 0.00/turn

%: infuse magic (-3 HP)
@: mighty, attractive, flying
A: sickness immunity, fire resistance 2, cold vulnerability 1, float, innate
caster, HP casting, extra vitality 1
a: no special abilities


You were on level 4 of the Dungeon.
You visited 1 branch of the dungeon, and saw 4 of its levels.

You collected 142 gold pieces.

Inventory:

Hand Weapons
 f - a +0 mace (weapon)
Missiles
 b - 8 javelins
Armour
 a - a +0 robe (worn)
 c - a +0 pair of gloves (worn)
Jewellery
 l - a ring of protection from fire (left hand)
 n - an amulet of faith
 p - a ring of see invisible (right hand)
 r - a +4 ring of protection
Wands
 o - a wand of charming (7)
Scrolls
 d - 2 scrolls of enchant weapon {unknown}
 h - a scroll of fog {unknown}
 j - a scroll of identify {unknown}
 k - a scroll of teleportation {unknown}
 m - a scroll of summoning {unknown}
 s - a scroll of fear {unknown}
Potions
 e - a potion of curing


   Skills:
 + Level 2.8 Fighting
 - Level 3.0 Dodging
 - Level 2.0 Stealth
 * Level 4.2 Spellcasting


You knew the following spells:

 Your Spells              Type           Power      Damage    Failure   Level
a - Foxfire               Conj/Fire      72%        2x1d7     2%          1
b - Scorch                Fire           36%        2d6       4%          2
c - Volatile Blastmotes   Fire/Tloc      36%        2d13      9%          3
d - Inner Flame           Hex/Fire       18%        N/A       9%          3
e - Flame Wave            Conj/Fire      18%        2d7       26%         4
f - Necrotise             Necr           72%        1d7       2%          1
g - Wereblood             Tmut           18%        N/A       4%          2
Your spell library was empty.

Dungeon Overview and Level Annotations

Branches:
Dungeon (4/15)
 Temple: D:4-7

Altars:
Okawaru

Annotations:
D:4 Natasha


Innate Abilities, Weirdness & Mutations

You are immune to sickness and miasma.
You are immune to poison.
Your flesh is very heat resistant. (rF++)
You are vulnerable to cold. (rC-)
You float through the air rather than walking.
You learn spells naturally, not from books.
Your magical power is your life essence.
You have superior vitality. (+4 MHP)


Message History

The iguana is lightly wounded.
The foxfire hits Natasha.
Natasha is severely wounded.
Natasha casts a spell at you. You resist with some effort.
The cerulean imp hits you but does no damage.
Natasha claws you.
Casting: Foxfire (safe; 2% risk of failure)
Confirm with . or Enter, or press ? or * to list all spells.
You conjure some foxfire!
The cerulean imp barely misses you. The iguana barely misses you.
Natasha misses you.
You hit Natasha but do no damage.
Natasha is severely wounded.
The foxfire hits Natasha.
Natasha is almost dead.
The foxfire hits Natasha.
Natasha is almost dead.
The cerulean imp hits you from afar with a +0 spear.
The iguana closely misses you. Natasha claws you. The cerulean imp misses you.
It was a potion of curing.
You feel better. The iguana bites you! Natasha claws you.
* * * LOW HITPOINT WARNING * * *
The cerulean imp hits you from afar with a +0 spear.
* * * LOW HITPOINT WARNING * * *
It was a potion of cancellation.
You feel magically purged. The iguana closely misses you.
Natasha stares at you and mumbles some strange words.
You resist with some effort.
The cerulean imp hits you from afar with a +0 spear.
* * * LOW HITPOINT WARNING * * *
It was a potion of might.
You feel very mighty all of a sudden. The iguana bites you!
* * * LOW HITPOINT WARNING * * *
Natasha closely misses you.
The cerulean imp hits you but does no damage.
It was a potion of attraction.
You feel attractive to monsters. The iguana bites you.
You die...

##.########
#.........#
#.........#
#.........#
#.........#
#.........#
#....5....#
#...hl....#
#...@.....#
#.........#
#.........#
##.########
#######.###
..........#####
#########.....#
#.###...# #.#
.# ..


You could see an iguana, Natasha and a cerulean imp (summoned).

Vanquished Creatures
  An ogre (D:3)
  Natasha (D:4)
  4 gnolls (D:2)
  3 adders
  An ufetubus (D:3)
  5 worms
  A dart slug (D:2)
  10 endoplasms
  2 giant cockroaches (D:1)
  5 goblins
  3 hobgoblins (D:3)
  3 jackals
  4 kobolds
  5 quokkas
  6 ball pythons
  4 bats
  6 frilled lizards
  10 rats
74 creatures vanquished.

Vanquished Creatures (collateral kills)
  A foxfire (D:3)
1 creature vanquished.

Vanquished Creatures (others)
  247 foxfires
247 creatures vanquished.

Grand Total: 322 creatures vanquished

Notes
Turn   | Place    | Note
-------+----------+-------------------------------------------
     0 | D:1      | Turgor the Djinni Fire Elementalist began the quest for the
                  | Orb.
     0 | D:1      | Turgor set off with the following spells memorised:
                  | Foxfire, Scorch, Volatile Blastmotes, Inner Flame, Flame
                  | Wave.
     0 | D:1      | Reached XP level 1. HP: 15/15 MP: 0/0
     1 | D:1      | Found a runed translucent door.
    81 | D:1      | Found a faded altar of an unknown god.
   148 | D:1      | Reached XP level 2. HP: 19/22 MP: 0/0
   630 | D:1      | Reached XP level 3. HP: 7/26 MP: 0/0
   630 | D:1      | Learned a level 1 spell: Necrotise
   793 | D:2      | Reached skill level 1 in Fighting
   955 | D:2      | Reached skill level 3 in Spellcasting
  1038 | D:2      | Reached XP level 4. HP: 29/32 MP: 0/0
  1296 | D:2      | Reached XP level 5. HP: 22/38 MP: 0/0
  1296 | D:2      | Learned a level 2 spell: Wereblood
  2222 | D:3      | Noticed an ogre
  2323 | D:3      | Killed an ogre
  2324 | D:3      | Reached skill level 4 in Spellcasting
  2324 | D:3      | Reached XP level 6. HP: 42/45 MP: 0/0
  2420 | D:3      | Identified the +0 ring mail of Tinenlu {rPois rCorr Int-5}
  2765 | D:4      | Noticed Natasha
  2772 | D:4      | Killed Natasha
  2794 | D:4      | Found an iron altar of Okawaru.
  2838 | D:4      | Noticed Natasha
  2860 | D:4      | HP: 2/45 [iguana (8)]
  2861 | D:4      | Slain by an iguana

Illustrated notes

Levels and vault maps discovered:
D:1:      dpeg_arrival_caged_fury, layout_rooms,
          hellmonk_ecumenical_altar_zigzags
D:2:      layout_basic
D:3:      layout_loops_ring, grunt_ministairs_3, wad_floor_pattern_untrapped,
          dreamdust_mushroom_princess, chequers_avenue, serial_park_tiny_2,
          minivault_19
D:4:      layout_basic, kennysheep_mini, uniq_pikel, uniq_blork_the_orc,
          uniq_natasha

Skill      XL: |  1  2  3  4  5 |
---------------+----------------+-----
Fighting       | 1 2 |  2.8
Stealth        | 2 |  2.0
Spellcasting   | 3 4 |  4.2
Dodging        | 3 |  3.0

Action                     |  1- 3 |  4- 6 || total
---------------------------+-------+-------++-------
  Melee: Unarmed           |     2 |       ||     2
         Mace              |    14 |    11 ||    25
   Cast: Foxfire           |    59 |    96 ||   155
    Use: Potion            |       |     4 ||     4
 Armour: Robe              |    11 |     3 ||    14
  Dodge: Dodged            |    26 |    27 ||    53
